cohdb
Replays
Latest Replays
All Replays
Popular Replays
Top Player Replays
Match Explorer
How It Works
Community
CoH3 Stats
Reddit
Sign in to upload your games and track your stats! →
Sign in with Steam
Match 44174751
Unlisted
Match 44174751
Overview
Messages
Build Orders
End
Construct Infanterie Kompanie
Selects Italian Coastal Battlegroup
Selects Coastal Reserves
Coastal Reserve
GrW 34 Mortar Team
Coastal Reserve
Medical Station
Selects Artillery Officer
Artillery Officer
Infanterie Officer Quarters
Construct Luftwaffe Kompanie
Selects Support Bunkers
Flak 30 Anti-aircraft Gun Team
Medical Bunker
MG 42 Bunker
MG 42 Bunker
Support Elements
Marder III M Tank Destroyer
MG 42 Bunker
Selects Rapid Fortifications
Selects Bulwark
Sapper Daddy
Gray
12azzmatazz
dan legend
Xheal
Alex
0
0
Comments
sign in to comment!
No comments posted yet!